 Dungeon Crawl Stone Soup version 0.19.1-1-g22dce08 (webtiles) character file.

700 Alarkh the Cleaver (level 7, 39/57 HPs)
             Began as a Black Draconian Monk on Jan 18, 2017.
             Was a Priest of Okawaru.
             Quit the game on level 5 of the Dungeon.
             The game lasted 00:03:43 (2774 turns).

Alarkh the Cleaver (Black Draconian Monk)           Turns: 2774, Time: 00:03:44

Health: 39/57      AC: 10    Str: 13    XL:     7   Next: 38%
Magic:  16/16      EV: 13    Int: 12    God:    Okawaru [***...]
Gold:   216        SH:  0    Dex: 14    Spells: 0 memorised, 6 levels left

rFire  . . .     SeeInvis .     m - +4 hand axe (freeze)
rCold  . . .     Gourm    .     (armour unavailable)
rNeg   . . .     Faith    .     (no shield)
rPois  .         Spirit   .     k - +2 hat
rElec  +         Reflect  .     i - +0 cloak
rCorr  .         Harm     .     (no gloves)
MR     .....                    d - +0 pair of boots
Stlth  ++........               (no amulet)
                                c - ring of magical power
                                h - ring of wizardry

@: no status effects
A: breathe lightning, unfitting armour, electricity resistance, cold-blooded, AC
+6
a: Breathe Lightning, Heroism, Renounce Religion


You were on level 5 of the Dungeon.
You worshipped Okawaru.
Okawaru was most pleased with you.
You were not hungry.

You visited 1 branch of the dungeon, and saw 5 of its levels.

You collected 216 gold pieces.

Inventory:

Hand Weapons
 a - a +4 hand axe
 m - a +4 hand axe of freezing (weapon)
Armour
 d - a +0 pair of boots (worn)
 i - a +0 cloak (worn)
 k - a +2 hat (worn)
Jewellery
 c - a ring of magical power (right hand)
 h - a ring of wizardry (left hand)
Wands
 u - a wand of disintegration (7/24)
Scrolls
 e - a scroll of identify
 f - 3 scrolls of remove curse
 j - a scroll of magic mapping
 n - a scroll of immolation
 p - 2 scrolls of enchant armour {unknown}
 q - a scroll of fear {unknown}
Potions
 r - 2 potions of curing
 s - a potion of berserk rage
 t - a potion of degeneration {unknown}
 v - a potion of mutation {unknown}
Comestibles
 b - 2 bread rations
 g - a meat ration
 l - a chunk of flesh
 o - a beef jerky


   Skills:
 - Level 3.2 Fighting
 + Level 8.7 Axes
 - Level 2.6 Dodging
 - Level 1.7 Stealth


You had 6 spell levels left.
You didn't know any spells.

Dungeon Overview and Level Annotations

Branches:
Dungeon (5/15)
 Temple: D:4-7

Altars:
Cheibriados
Elyvilon
Hepliaklqana
Makhleb
Okawaru
Qazlal
Vehumet


Innate Abilities, Weirdness & Mutations

You can breathe wild blasts of lightning.
Your glossy black scales are hard. (AC +6)
You cannot fit into any form of body armour.
You are resistant to electric shocks. (rElec)
You are cold-blooded and may be slowed by cold attacks.


Message History

You closely miss Rydra's ghost.
Rydra's ghost is severely damaged.
Rydra's ghost tells you, "The cards don't hold a good future for you."
Rydra's ghost hits you!
You hit Rydra's ghost. You freeze Rydra's ghost. You tail-slap Rydra's ghost.
Rydra's ghost is almost destroyed.
Rydra's ghost closely misses you.
You slash Rydra's ghost! You freeze Rydra's ghost.
You destroy Rydra's ghost!
Okawaru is honoured by your kill.
Found a potion of heal wounds.
There is an open door here.
There is a stone staircase leading down here.
You climb downwards.
You hear the hiss of flowing sand.
There is an entrance to an ossuary on this level.
Hurry and find it before the portal is buried!
Found 3 gold pieces and a scroll of remove curse.
Found a stone staircase leading down.
There is a stone staircase leading up here.
Are you sure you want to abandon this character and quit the game? (Confirm with "yes".)

#####.######
..#........##
............#
............#
?..........#
.........$.#
..........#
.......@..#
#...>....##
###......#
###...##
###.. ##. .
..


There were no monsters in sight!

Vanquished Creatures
  The ghost of Rydra the Slasher, an amateur HESk of Nemelex Xobeh (D:4)
  Sigmund (D:2)
  Crazy Yiuf (D:2)
  Jessica (D:3)
  Terence (D:2)
  Natasha (thrice) (D:2)
  A worker ant (D:4)
  8 adders
  An adder skeleton (D:3)
  4 worms
  5 dart slugs
  2 leopard geckos (D:3)
  6 orcs (D:3)
  4 giant cockroaches
  4 goblins
  4 hobgoblins
  5 jackals
  10 kobolds
  4 quokkas
  2 ball pythons
  7 bats
  A frilled lizard (D:2)
  15 rats
91 creatures vanquished.

Notes
Turn   | Place    | Note
-------+----------+-------------------------------------------
     0 | D:1      | Alarkh the Draconian Monk began the quest for the Orb.
     0 | D:1      | Reached XP level 1. HP: 19/19 MP: 1/1
   258 | D:1      | Reached XP level 2. HP: 26/26 MP: 2/2
   424 | D:2      | Reached skill level 4 in Axes
   630 | D:2      | Noticed Terence
   669 | D:2      | Killed Terence
   669 | D:2      | Reached XP level 3. HP: 9/31 MP: 3/3
   986 | D:2      | Found a runed door.
  1105 | D:2      | Found a white marble altar of Elyvilon.
  1110 | D:2      | Found a hazy altar of Hepliaklqana.
  1111 | D:2      | Found a burning altar of Makhleb.
  1112 | D:2      | Found a radiant altar of Vehumet.
  1113 | D:2      | Found a snail-covered altar of Cheibriados.
  1121 | D:2      | Found an iron altar of Okawaru.
  1122 | D:2      | Found a stormy altar of Qazlal.
  1127 | D:2      | Became a worshipper of Warmaster Okawaru
  1127 | D:2      | Reached * piety under Okawaru
  1127 | D:2      | Reached ** piety under Okawaru
  1236 | D:2      | Reached XP level 4. HP: 38/38 MP: 4/4
  1247 | D:2      | Reached skill level 5 in Axes
  1279 | D:2      | Noticed Sigmund
  1299 | D:2      | Killed Sigmund
  1299 | D:2      | Reached skill level 6 in Axes
  1299 | D:2      | Reached XP level 5. HP: 24/45 MP: 5/5
  1299 | D:2      | Reached XP level 6. HP: 27/51 MP: 6/6
  1421 | D:2      | Noticed Natasha
  1435 | D:2      | Killed Natasha
  1609 | D:2      | Reached skill level 7 in Axes
  1642 | D:2      | Noticed Crazy Yiuf
  1652 | D:2      | Killed Crazy Yiuf
  1768 | D:2      | Found a white marble altar of Elyvilon.
  1769 | D:2      | Noticed Natasha
  1771 | D:2      | Killed Natasha
  1774 | D:2      | Found a hazy altar of Hepliaklqana.
  1775 | D:2      | Found a burning altar of Makhleb.
  1776 | D:2      | Found a radiant altar of Vehumet.
  1778 | D:2      | Found a snail-covered altar of Cheibriados.
  1779 | D:2      | Found a stormy altar of Qazlal.
  1780 | D:2      | Found an iron altar of Okawaru.
  1848 | D:2      | Noticed Natasha
  1856 | D:2      | Killed Natasha
  1856 | D:2      | Reached *** piety under Okawaru
  2229 | D:3      | Noticed Jessica
  2235 | D:3      | Killed Jessica
  2730 | D:4      | Reached skill level 8 in Axes
  2730 | D:4      | Your scales start taking on a glossy black colour.
  2730 | D:4      | Reached XP level 7. HP: 57/57 MP: 7/7
  2730 | D:4      | Gained mutation: You are resistant to electric shocks. (rElec) [Black Draconian growth]
  2744 | D:4      | Noticed Rydra's ghost (amateur HESk)
  2754 | D:4      | Killed Rydra's ghost
  2773 | D:5      | Entered Level 5 of the Dungeon
  2774 | D:5      | Quit the game

Skill      XL: |  1  2  3  4  5  6 |
---------------+-------------------+-----
Axes           | 4 6 8 |  8.7
Fighting       | |  3.2
Dodging        | |  2.6
Stealth        | |  1.7

Action                   |  1- 3 |  4- 6 |  7- 9 || total
-------------------------+-------+-------+-------++-------
Melee: Hand axe          |    87 |   154 |     6 ||   247
       Tailslap          |     6 |     9 |     3 ||    18
       Punch             |       |     1 |       ||     1
Invok: Heroism           |       |     1 |       ||     1
  Use: Scroll            |     4 |     4 |       ||     8
       Potion            |     1 |     3 |       ||     4
 Stab: Sleeping          |     4 |     3 |       ||     7
       Invisible         |       |     3 |       ||     3
  Eat: Chunk             |       |     6 |       ||     6
Armor: Skin              |    17 |    60 |       ||    77
Dodge: Dodged            |    61 |   135 |     3 ||   199
